 Dungeon Crawl Stone Soup version 0.23.2-40-g277498a001 (webtiles) character file.

Game seed: 18273098178841020980

9042 Emblim88 the Thaumaturge (level 11, -5/85 HPs)
             Began as a Gnoll Warper on Aug 23, 2019.
             Was a Priest of Makhleb.
             Slain by a two-headed ogre
             ... wielding a +0 giant club
              (15 damage)
             ... on level 11 of the Dungeon on Aug 24, 2019.
             The game lasted 00:43:25 (15319 turns).

Emblim88 the Thaumaturge (Gnoll Warper)            Turns: 15319, Time: 00:43:26

Health: -5/85      AC: 16    Str: 18    XL:     11   Next: 40%
Magic:  32/32      EV:  7    Int: 15    God:    Makhleb [***...]
Gold:   287        SH: 10    Dex: 17    Spells: 19/26 levels left

rFire    . . .     SeeInvis .   G - +0 hand axe "Ciat" {vamp, rElec MP+9} (curse)
rCold    . . .     Gourm    .   k - +0 shield
rNeg     + . .     Faith    .   A - +0 plate armour
rPois    .         Spirit   .   F - +0 helmet
rElec    +         Reflect  .   b - +0 cloak
rCorr    .         Harm     .   R - +0 pair of gloves
MR       .....                  (no boots)
Stlth    ..........             (no amulet)
HPRegen  0.24/turn              t - +3 ring of strength
MPRegen  0.23/turn              g - ring of positive energy

@: no status effects
A: distributed training, fangs 1, strong nose
a: Minor Destruction, Lesser Servant of Makhleb, Renounce Religion


You were on level 11 of the Dungeon.
You worshipped Makhleb.
Makhleb was most pleased with you.
You were hungry.

You visited 2 branches of the dungeon, and saw 12 of its levels.

You collected 487 gold pieces.
You spent 200 gold pieces at shops.

Inventory:

Hand Weapons
 a - a +0 falchion
 f - a +2 morningstar of protection
 o - a +3 short sword
 r - a +1 dagger of chaos
 G - the cursed +0 hand axe "Ciat" (weapon) {vamp, rElec MP+9}
   (You bought it in a shop on level 10 of the Dungeon)

   It inflicts no extra harm, but heals its wielder when it wounds a living foe.
   It insulates you from electricity.
   It affects your magic capacity (+9).
   It has a curse placed upon it.
Missiles
 e - 4 tomahawks of dispersal (quivered)
 p - 2 tomahawks
 N - 2 throwing nets
Armour
 b - a +0 cloak (worn)
 k - a +0 shield (worn)
 A - a +0 plate armour (worn)
 F - a +0 helmet (worn)
 J - the +1 robe of Vahojin {rPois}
   (You found it on level 5 of the Dungeon)

   It protects you from poison.
 R - a +0 pair of gloves (worn)
Jewellery
 g - a ring of positive energy (right hand)
 h - an uncursed ring of resist corrosion
 n - an uncursed ring of stealth
 q - an uncursed ring of protection from fire
 t - a +3 ring of strength (left hand)
 u - an uncursed ring of wizardry
 y - an uncursed ring of flight
Wands
 x - a wand of digging (5)
 S - a wand of iceblast (20)
Scrolls
 j - 2 scrolls of magic mapping {unknown}
 l - 3 scrolls of teleportation
 s - 2 scrolls of amnesia
 v - 2 scrolls of remove curse
 w - 2 scrolls of enchant weapon
 E - a scroll of immolation
 I - a scroll of fog
 T - 4 scrolls of enchant armour {unknown}
Potions
 c - 3 potions of flight
 d - 2 potions of brilliance
 m - 2 potions of haste {unknown}
 z - 2 potions of degeneration
 C - a potion of invisibility
 P - 2 potions of lignification
Miscellaneous
 K - a lightning rod (4/4)
Comestibles
 B - 5 rations


   Skills:
 + Level 7.7 Fighting
 + Level 6.1 Short Blades
 + Level 7.7 Long Blades
 + Level 6.1 Axes
 + Level 6.1 Maces & Flails
 + Level 6.1 Polearms
 + Level 6.1 Staves
 + Level 6.1 Slings
 + Level 6.1 Bows
 + Level 6.1 Crossbows
 + Level 6.7 Throwing
 + Level 6.7 Armour
 + Level 7.7 Dodging
 + Level 6.1 Stealth
 + Level 6.1 Shields
 + Level 6.1 Unarmed Combat
 + Level 8.0 Spellcasting
 + Level 5.1 Conjurations
 + Level 5.1 Hexes
 + Level 5.1 Charms
 + Level 5.1 Summonings
 + Level 5.1 Necromancy
 + Level 7.5 Translocations
 + Level 5.1 Transmutations
 + Level 5.1 Fire Magic
 + Level 5.1 Ice Magic
 + Level 5.1 Air Magic
 + Level 5.1 Earth Magic
 + Level 5.1 Poison Magic
 + Level 6.7 Invocations
 + Level 6.1 Evocations


You had 19 spell levels left.
You knew the following spells:

 Your Spells              Type           Power        Failure   Level  Hunger
a - Blink                 Tloc           N/A          58%         2    None
b - Shroud of Golubria    Chrm/Tloc      ####......   77%         2    None
c - Teleport Other        Tloc           ####....     83%         3    ##.....

Your spell library contained the following spells:

 Spells                   Type           Power        Failure   Level  Hunger
 Summon Small Mammal      Summ           ###.         80%         1    None
 Gell's Gravitas          Tloc           ####......   83%         3    ##.....
 Lesser Beckoning         Tloc           ####......   83%         3    ##.....
 Call Imp                 Summ           ###.....     91%         2    None
 Call Canine Familiar     Summ           ###.....     99%         3    ##.....
 Summon Guardian Golem    Hex/Summ       ###.....     99%         3    ##.....
 Passage of Golubria      Tloc           N/A          99%         4    ####...
 Summon Ice Beast         Ice/Summ       ###.....     100%        4    ####...
 Summon Lightning Spire   Summ/Air       ###.....     100%        4    ####...


Dungeon Overview and Level Annotations

Branches:
Dungeon (11/15)            Temple (1/1) D:4
   Lair: D:8-11         Orc: D:9-12

Altars:
Ashenzari
Cheibriados
Dithmenos
Elyvilon
Fedhas
Gozag
Hepliaklqana
Kikubaaqudgha
Makhleb
Nemelex Xobeh
Okawaru
Qazlal
Ru
Sif Muna
Trog
Uskayaw
Vehumet
Wu Jian
Xom
Yredelemnul
Zin
The Shining One

Shops:
D:4 *   D:6 *   D:10 (

Annotations:
D:4 Eustachio


Innate Abilities, Weirdness & Mutations

Your experience applies equally to all skills.
You have very sharp teeth.
Your uncanny sense of smell can sniff out nearby items.


Message History

The two-headed ogre hits you with a +0 giant spiked club!
You hit the two-headed ogre.
You feel better.
The two-headed ogre is heavily wounded.
You hit the two-headed ogre but do no damage.
The two-headed ogre is heavily wounded.
The two-headed ogre hits you with a +0 giant club!
The two-headed ogre closely misses you.
You hit the two-headed ogre.
The two-headed ogre is heavily wounded.
The two-headed ogre hits you with a +0 giant club.
You block the two-headed ogre's attack.
Your shield and plate armour prevent you from hitting the two-headed ogre.
The two-headed ogre is heavily wounded.
The two-headed ogre hits you with a +0 giant club!!
* * * LOW HITPOINT WARNING * * *
You block the two-headed ogre's attack.
As you read the scroll of fog, it crumbles to dust.
The scroll dissolves into smoke.
You block the two-headed ogre's attack.
The two-headed ogre hits you with a +0 giant spiked club!
You die...

# # ##. . ...#
.# ...# #.#
#..#####..###
#..#.... ..###
#.§§O# ....
##.§@####... ∆
#..§§§##..#
#.##..§#..# #.
##....# ...#
###..# .#...
##.# ...## #.#
#..# #.## #
#.#####..###...


You could see a two-headed ogre.

Vanquished Creatures
  2 two-headed ogres
  A centaur zombie (D:10)
  Psyche (D:8)
  A gargoyle (D:8)
  A hippogriff (D:10)
  Sigmund (D:3)
  A vampire (D:9)
  11 yaks
  2 hungry ghosts
  2 water moccasins
  4 black bears
  3 ice beasts
  2 orc warriors
  A phantom (D:7)
  2 sky beasts (D:9)
  6 ogres
  3 centaurs
  5 bullfrogs
  A gnoll sergeant (D:10)
  4 scorpions
  4 killer bees (D:10)
  5 crimson imps
  2 quasits
  A bullfrog zombie (D:8)
  5 hounds
  3 jellies (D:8)
  3 orc priests
  4 centaur skeletons
  9 orc wizards
  2 iguanas (D:9)
  4 worker ants
  Terence (D:3)
  A killer bee zombie (D:8)
  A hound zombie (D:10)
  A worker ant zombie (D:7)
  Robin (D:3)
  A hound skeleton (D:8)
  2 adders
  14 gnolls
  3 shadow imps
  8 oozes
  2 adder zombies
  3 adder skeletons
  2 dart slugs
  8 leopard geckos
  25 orcs
  10 giant cockroaches
  18 goblins
  14 hobgoblins
  4 jackals
  A quokka (D:8)
  2 ball pythons
  14 bats
  7 frilled lizards
  10 kobolds
  A leopard gecko zombie (D:5)
  A quokka skeleton (D:5)
  12 rats
263 creatures vanquished.

Notes
Turn   | Place    | Note
-------+----------+-------------------------------------------
     0 | D:1      | Emblim88 the Gnoll Warper began the quest for the Orb.
     0 | D:1      | Reached XP level 1. HP: 20/20 MP: 6/6
    94 | D:1      | Reached XP level 2. HP: 20/26 MP: 7/7
   394 | D:1      | Reached XP level 3. HP: 18/31 MP: 9/9
   541 | D:1      | Reached skill level 5 in Spellcasting
   582 | D:1      | Reached skill level 1 in Invocations
  1174 | D:2      | Reached skill level 1 in Short Blades
  1174 | D:2      | Reached skill level 1 in Axes
  1174 | D:2      | Reached skill level 1 in Maces & Flails
  1174 | D:2      | Reached skill level 1 in Polearms
  1174 | D:2      | Reached skill level 1 in Staves
  1174 | D:2      | Reached skill level 1 in Slings
  1174 | D:2      | Reached skill level 1 in Bows
  1174 | D:2      | Reached skill level 1 in Crossbows
  1174 | D:2      | Reached skill level 1 in Stealth
  1174 | D:2      | Reached skill level 1 in Shields
  1174 | D:2      | Reached skill level 1 in Unarmed Combat
  1174 | D:2      | Reached skill level 1 in Evocations
  1178 | D:2      | Learned a level 2 spell: Blink
  1181 | D:2      | Learned a level 2 spell: Shroud of Golubria
  1232 | D:2      | Reached XP level 4. HP: 35/38 MP: 11/11
  2065 | D:2      | Reached skill level 1 in Conjurations
  2065 | D:2      | Reached skill level 1 in Hexes
  2065 | D:2      | Reached skill level 1 in Charms
  2065 | D:2      | Reached skill level 1 in Summonings
  2065 | D:2      | Reached skill level 1 in Necromancy
  2065 | D:2      | Reached skill level 1 in Transmutations
  2065 | D:2      | Reached skill level 1 in Fire Magic
  2065 | D:2      | Reached skill level 1 in Ice Magic
  2065 | D:2      | Reached skill level 1 in Air Magic
  2065 | D:2      | Reached skill level 1 in Earth Magic
  2065 | D:2      | Reached skill level 1 in Poison Magic
  2514 | D:2      | Found a shadowy altar of Dithmenos.
  2546 | D:2      | Reached XP level 5. HP: 40/43 MP: 12/12
  2664 | D:2      | Found a white marble altar of Elyvilon.
  2758 | D:2      | Learned a level 3 spell: Teleport Other
  3607 | D:3      | Reached XP level 6. HP: 27/50 MP: 13/13
  4002 | D:3      | Found an ancient bone altar of Kikubaaqudgha.
  4003 | D:3      | Found an iron altar of Okawaru.
  4004 | D:3      | Found a snail-covered altar of Cheibriados.
  4006 | D:3      | Found a hazy altar of Hepliaklqana.
  4007 | D:3      | Found a bloodstained altar of Trog.
  4068 | D:3      | Noticed Robin
  4589 | D:3      | Killed Robin
  4749 | D:3      | Noticed Terence
  4771 | D:3      | Killed Terence
  4825 | D:3      | Reached skill level 5 in Fighting
  4825 | D:3      | Reached skill level 5 in Long Blades
  4825 | D:3      | Reached skill level 5 in Dodging
  4825 | D:3      | Noticed Sigmund
  4866 | D:3      | Killed Sigmund
  4866 | D:3      | Reached XP level 7. HP: 20/56 MP: 15/15
  5136 | D:3      | Found a radiant altar of Vehumet.
  5379 | D:4      | Found a staircase to the Ecumenical Temple.
  5388 | Temple   | Entered the Ecumenical Temple
  5459 | Temple   | Became a worshipper of Makhleb the Destroyer
  5860 | D:4      | Found an opulent altar of Gozag.
  6026 | D:4      | Found Fanoust's Assorted Antiques.
  6163 | D:5      | Entered Level 5 of the Dungeon
  6547 | D:5      | Noticed Eustachio
  7059 | D:5      | Got a tattered robe
  7366 | D:5      | Reached XP level 8. HP: 27/63 MP: 16/16
  8439 | D:6      | Reached skill level 6 in Spellcasting
  8928 | D:6      | Found Wangy's General Store.
  9274 | D:6      | Reached * piety under Makhleb
  9437 | D:7      | Reached XP level 9. HP: 55/69 MP: 18/18
 10514 | D:8      | Reached skill level 5 in Throwing
 10514 | D:8      | Reached skill level 5 in Armour
 10868 | D:8      | Noticed a gargoyle
 10878 | D:8      | Killed a gargoyle
 10878 | D:8      | Reached skill level 5 in Invocations
 10938 | D:8      | Noticed Psyche
 11024 | D:8      | Identified the +3 leather armour of the True Pharaoh {+Fly
                  | rF- Regen+ Int-2}
 11048 | D:8      | Reached ** piety under Makhleb
 11370 | D:8      | Reached XP level 10. HP: 71/77 MP: 20/20
 11649 | D:8      | Reached skill level 7 in Spellcasting
 11903 | D:8      | Killed Psyche
 11993 | D:9      | Reached skill level 5 in Short Blades
 11993 | D:9      | Reached skill level 5 in Axes
 11993 | D:9      | Reached skill level 5 in Maces & Flails
 11993 | D:9      | Reached skill level 5 in Polearms
 11993 | D:9      | Reached skill level 5 in Staves
 11993 | D:9      | Reached skill level 5 in Slings
 11993 | D:9      | Reached skill level 5 in Bows
 11993 | D:9      | Reached skill level 5 in Crossbows
 11993 | D:9      | Reached skill level 5 in Stealth
 11993 | D:9      | Reached skill level 5 in Shields
 11993 | D:9      | Reached skill level 5 in Unarmed Combat
 11993 | D:9      | Reached skill level 5 in Evocations
 12591 | D:9      | Noticed a two-headed ogre
 12602 | D:9      | Killed a two-headed ogre
 13207 | D:9      | Identified the +1 robe of Vahojin {rPois} (You found it on
                  | level 5 of the Dungeon)
 13210 | D:10     | Entered Level 10 of the Dungeon
 13250 | D:10     | Reached XP level 11. HP: 84/84 MP: 22/22
 13333 | D:10     | Found Deudyesu's Antique Weapon Shoppe.
 13338 | D:10     | Bought a warped hand axe for 200 gold pieces
 13341 | D:10     | Identified the cursed +0 hand axe "Ciat" {vamp, rElec MP+9}
                  | (You bought it in a shop on level 10 of the Dungeon)
 13518 | D:10     | Reached *** piety under Makhleb
 14086 | D:10     | Noticed a two-headed ogre
 14149 | D:10     | Killed a two-headed ogre
 14218 | D:10     | Reached skill level 5 in Conjurations
 14218 | D:10     | Reached skill level 5 in Hexes
 14218 | D:10     | Reached skill level 5 in Charms
 14218 | D:10     | Reached skill level 5 in Summonings
 14218 | D:10     | Reached skill level 5 in Necromancy
 14218 | D:10     | Reached skill level 5 in Transmutations
 14218 | D:10     | Reached skill level 5 in Fire Magic
 14218 | D:10     | Reached skill level 5 in Ice Magic
 14218 | D:10     | Reached skill level 5 in Air Magic
 14218 | D:10     | Reached skill level 5 in Earth Magic
 14218 | D:10     | Reached skill level 5 in Poison Magic
 14451 | D:10     | HP: 2/85 [yak (11)]
 14864 | D:10     | Reached skill level 8 in Spellcasting
 14888 | D:10     | HP: 4/85 [yak (11)]
 15310 | D:11     | Noticed a two-headed ogre
 15319 | D:11     | Slain by a two-headed ogre

Skill      XL: |  1  2  3  4  5  6  7  8  9 10 11 |
---------------+----------------------------------+-----
Spellcasting   | 5 6 7 8 |  8.0
Invocations    | 1 2 3 4 5 6 |  6.7
Short Blades   | 1 2 3 4 5 6 |  6.1
Axes           | 1 2 3 4 5 6 |  6.1
Maces & Flails | 1 2 3 4 5 6 |  6.1
Polearms       | 1 2 3 4 5 6 |  6.1
Staves         | 1 2 3 4 5 6 |  6.1
Slings         | 1 2 3 4 5 6 |  6.1
Bows           | 1 2 3 4 5 6 |  6.1
Crossbows      | 1 2 3 4 5 6 |  6.1
Stealth        | 1 2 3 4 5 6 |  6.1
Shields        | 1 2 3 4 5 6 |  6.1
Unarmed Combat | 1 2 3 4 5 6 |  6.1
Evocations     | 1 2 3 4 5 6 |  6.1
Conjurations   | 1 2 3 4 5 |  5.1
Hexes          | 1 2 3 4 5 |  5.1
Charms         | 1 2 3 4 5 |  5.1
Summonings     | 1 2 3 4 5 |  5.1
Necromancy     | 1 2 3 4 5 |  5.1
Transmutations | 1 2 3 4 5 |  5.1
Fire Magic     | 1 2 3 4 5 |  5.1
Ice Magic      | 1 2 3 4 5 |  5.1
Air Magic      | 1 2 3 4 5 |  5.1
Earth Magic    | 1 2 3 4 5 |  5.1
Poison Magic   | 1 2 3 4 5 |  5.1
Throwing       | 3 4 5 6 |  6.7
Armour         | 3 4 5 6 |  6.7
Fighting       | 5 6 7 |  7.7
Long Blades    | 5 6 7 |  7.7
Dodging        | 5 6 7 |  7.7
Translocations | 6 7 |  7.5

Action                   |  1- 3 |  4- 6 |  7- 9 | 10-12 || total
-------------------------+-------+-------+-------+-------++-------
Melee: Falchion          |    14 |       |       |       ||    14
       Bite              |    11 |    45 |   109 |    94 ||   259
       Whip              |   109 |   291 |   680 |       ||  1080
       Morningstar       |       |       |    91 |   230 ||   321
       Hand axe          |       |       |       |   318 ||   318
Throw: Tomahawk          |       |     1 |       |       ||     1
 Cast: Blink             |       |     1 |       |       ||     1
       Shroud of Golubri |       |     3 |     2 |       ||     5
Invok: Minor Destruction |       |       |       |    25 ||    25
Evoke: Wand              |       |       |       |     1 ||     1
  Use: Potion            |     1 |     1 |     6 |     7 ||    15
       Scroll            |     1 |     2 |    11 |     9 ||    23
 Stab: Sleeping          |     4 |     6 |     2 |       ||    12
  Eat: Ration            |     1 |     2 |     9 |     5 ||    17
       Chunk             |       |     3 |     3 |    11 ||    17
Armor: Leather armour    |    24 |    56 |    44 |       ||   124
       Chain mail        |       |       |   127 |       ||   127
       Plate armour      |       |       |   225 |   381 ||   606
Dodge: Dodged            |    62 |   169 |   295 |   147 ||   673
Block: Shield            |    41 |   131 |   420 |   314 ||   906
       Rpst.: Falchion   |     3 |       |       |       ||     3
